 Dungeon Crawl Stone Soup version 0.30.0-15-g856e2d3f33 (webtiles) character file.

Game seed: 3959816697096755690

38 cheesebisquit the Caller (level 3, 0/14 HPs)
             Began as a Felid Summoner on May 18, 2023.
             Succumbed to an adder's poison
             ... on level 2 of the Dungeon.
             The game lasted 00:07:01 (1460 turns).

cheesebisquit the Caller (Felid Summoner)           Turns: 1460, Time: 00:07:02

Health: 0/14       AC:  1    Str:  4    XL:     3   Next: 25%
Magic:  1/8        EV: 17    Int: 18    God:
Gold:   748        SH:  0    Dex: 16    Spells: 4/7 levels left
                                        Lives:  0   Deaths: 0

rFire   . . .        (weapon unavailable)
rCold   . . .        (shield unavailable)
rNeg    . . .        (body armour unavailable)
rPois   .            (helmet unavailable)
rElec   .            (cloak unavailable)
rCorr   .            (gloves unavailable)
SInv    +            (boots unavailable)
Will    .....        (no amulet)
Stlth   ++           (no ring)
HPRegen 0.22/turn    (no ring)
MPRegen 0.11/turn

%: no passive effects
@: lethally poisoned (0 -> -3), quick
A: very small, claws 1, fangs 3, see invisible, speed 1, shaggy fur 1, stealthy
paws, no weapons or thrown items, no armour, multi-lived
a: no special abilities


You were on level 2 of the Dungeon.
You visited 1 branch of the dungeon, and saw 2 of its levels.

You collected 748 gold pieces.

Inventory:

Scrolls
 d - a scroll of identify {unknown}
Potions
 a - a potion of magic
 b - 2 potions of cancellation


   Skills:
 - Level 2.6 Dodging
 - Level 2.6 Stealth
 + Level 2.8 Spellcasting
 + Level 4.6 Summonings


You had 4 spell levels left.
You knew the following spells:

 Your Spells              Type           Power      Damage    Failure   Level
a - Summon Small Mammal   Summ           76%        N/A       2%          1
b - Call Imp              Summ           38%        N/A       3%          2

Your spell library contained the following spells:

 Spells                   Type           Power      Damage    Failure   Level
 Call Canine Familiar     Summ           19%        N/A       8%          3
 Beastly Appendage        Tmut           4%         N/A       17%         1
 Summon Guardian Golem    Hex/Summ       10%        N/A       19%         3
 Wereblood                Tmut           2%         N/A       26%         2
 Spider Form              Tmut/Pois      2%         N/A       45%         3
 Summon Lightning Spire   Summ/Air       10%        N/A       54%         4


Dungeon Overview and Level Annotations

Branches:
Dungeon (2/15)

Altars:


Innate Abilities, Weirdness & Mutations

You have sharp claws.
You have razor-sharp teeth.
You have supernaturally acute eyesight. (SInv)
You cover ground quickly. (Speed+)
You are covered in fur. (AC +1)
Your paws help you pounce on unaware monsters.
You are incapable of wielding weapons or throwing items.
You cannot wear armour.
You gain extra lives every three experience levels.


Message History

You swap places.
You feel sick.
Your rat closely misses the adder.
The adder bites your rat.
Your rat dies!
Your rat's corpse disappears in a puff of smoke!
Your rat completely misses the adder.
Your cerulean imp hits the adder but does no damage.
You miscast Summon Small Mammal.
You are very lightly contaminated with residual magic.
Nothing appears to happen.
You feel sick.
Your cerulean imp closely misses the adder.
Your rat misses the adder.
Okay, then.
You miss the adder. Your bite misses the adder.
The adder is severely wounded.
You feel sick. The adder bites you.
You are lethally poisoned!
The adder poisons you! The adder bites you but does no damage.
Your cerulean imp hits the adder from afar with a -3 spear.
Your rat misses the adder.
It was a potion of cancellation.
You feel magically purged.
Your magical contamination has completely faded away.
* * * LOW HITPOINT WARNING * * *
You feel sick. The adder closely misses you.
Your rat bites the adder but does no damage.
Your cerulean imp hits the adder from afar with a -3 spear.
The adder dies!
Okay, then.
This is a scroll of acquirement!
Something appears before you!
* * * LOW HITPOINT WARNING * * *
You feel sick.
Okay, then.
Okay, then.
Sorry, you're not good enough to have a special ability.
* * * LOW HITPOINT WARNING * * *
You feel sick.
* * * LOW HITPOINT WARNING * * *
You feel sick.
You now have 748 gold pieces (gained 732).
You die...

.. .. .# .# .. .###.#
######.[...#
#....5.†...#
#.########.###r###.#?.
#......<...# #@#
############ #.# #..
####


You could see a friendly cerulean imp (summoned) and a friendly rat (summoned).

Vanquished Creatures
  A bat (D:2)
1 creature vanquished.

Vanquished Creatures (collateral kills)
  An adder (D:2)
  A worm (D:2)
  2 ball pythons
  A bat (D:2)
  5 endoplasms
  A giant cockroach (D:1)
  3 hobgoblins
  A quokka (D:1)
  A frilled lizard (D:1)
  4 goblins (D:1)
  A kobold (D:1)
  3 rats
24 creatures vanquished.

Grand Total: 25 creatures vanquished

Notes
Turn   | Place    | Note
-------+----------+-------------------------------------------
     0 | D:1      | cheesebisquit the Felid Summoner began the quest for the
                  | Orb.
     0 | D:1      | Reached XP level 1. HP: 7/7 MP: 4/4
   609 | D:1      | Reached XP level 2. HP: 11/11 MP: 3/6
   665 | D:1      | Learned a level 2 spell: Call Imp
  1452 | D:2      | Reached XP level 3. HP: 14/14 MP: 1/8
  1457 | D:2      | Identified a scroll of acquirement
  1457 | D:2      | Acquired 732 gold pieces
  1460 | D:2      | Succumbed to an adder's poison

Illustrated notes

Levels and vault maps discovered:
D:1:      dpeg_arrival_lava_altar, layout_basic
D:2:      layout_loops_ring, ebering_ecumenical_altar_petrified,
          minmay_misc_feat_five, st_stairs_4, chequers_serial_rivers_marsh

Action                     || total
---------------------------++-------
  Melee: Unarmed           ||    15
         Bite              ||     1
   Cast: Summon Small Mamm ||    33
         Call Imp          ||     8
    Use: Scroll            ||     1
         Potion            ||     1
 Armour: Skin              ||     3
  Dodge: Dodged            ||    19
